 Dungeon Crawl Stone Soup version 0.27-a0-1137-g3ef0f4ec91 (webtiles) character file.

Game seed: 2547701631069238536

851 jestyr24 the Magician (level 8, -10/51 HPs)
             Began as a Djinni Conjurer on May 7, 2021.
             Was an Initiate of Makhleb.
             Shot with an arrow by a centaur (13 damage)
             ... on level 5 of the Dungeon.
             The game lasted 00:15:20 (5505 turns).

jestyr24 the Magician (Djinni Conjurer)             Turns: 5505, Time: 00:15:21

Health: -10/51     AC:  3    Str:  6    XL:     8   Next: 1%
Gold:   193        EV: 12    Int: 21    God:    Makhleb [......] SH:  3 Dex: 13

rFire    + + .     SeeInvis .   f - +1 short sword (elec)
rCold    x . .     Faith    .   o - +0 buckler
rNeg     . . .     Spirit   .   a - +0 robe
rPois    ∞         Reflect  .   (no helmet)
rElec    .         Harm     .   l - +0 cloak
rCorr    .         Rampage  .   (no gloves)
Will     .....                  (boots unavailable)
Stlth    ++........             (no amulet)
HPRegen  0.17/turn              (no ring)
MPRegen  0.00/turn              (no ring)

@: mighty, flying
A: sickness immunity, fire resistance 2, cold vulnerability 1, float, innate
caster, hp casting, extra vitality 1
a: Renounce Religion


You were on level 5 of the Dungeon.
You worshipped Makhleb.
Makhleb was noncommittal.
You visited 2 branches of the dungeon, and saw 6 of its levels.

You collected 193 gold pieces.

Inventory:

Hand Weapons
 d - a +0 dagger
 f - a +1 short sword of electrocution (weapon)
 t - the +2 mace of the Destroying Seer {freeze, rElec Will- Dex+2}
   (You found it on level 4 of the Dungeon)

   It has been specially enchanted to freeze those struck by it, causing extra
   injury to most foes and up to half again as much damage against particularly
   susceptible opponents.
   It can also slow down cold-blooded creatures.
   It affects your dexterity (+2).
   It insulates you from electricity.
   It decreases your willpower.
 u - a +2 dagger of draining
Missiles
 e - 73 stones
 h - a throwing net
 v - 3 poisoned darts
Armour
 a - a +0 robe (worn)
 l - a +0 cloak (worn)
 o - a +0 buckler (worn)
Wands
 n - a wand of polymorph (8)
 s - a wand of flame (8)
Scrolls
 g - 2 scrolls of vulnerability {unknown}
 m - a scroll of teleportation {unknown}
 r - a scroll of identify {unknown}
 w - a scroll of holy word {unknown}
Potions
 b - a potion of might
 c - a potion of cancellation {unknown}
 i - 2 potions of berserk rage {unknown}
 j - 2 potions of flight {unknown}
 k - a potion of mutation {unknown}
 p - a potion of brilliance {unknown}
 q - 3 potions of curing {unknown}


   Skills:
 + Level 0.8 Fighting
 - Level 2.1 Short Blades
 + Level 3.0 Dodging
 + Level 3.7 Stealth
 + Level 0.2 Shields
 + Level 6.9 Spellcasting


You couldn't memorise any spells.
You knew the following spells:

 Your Spells              Type           Power      Damage    Failure   Level
a - Magic Dart            Conj           100%       1d8       1%          1
b - Searing Ray           Conj           72%        3d6       1%          2
c - Dazzling Flash        Conj/Hex       72%        N/A       2%          3
d - Fulminant Prism       Conj/Hex       18%        3d11      9%          4
e - Iskenderun's Mystic   Conj/Tloc      36%        2d9       9%          4
f - Animate Skeleton      Necr           72%        N/A       1%          1
g - Static Discharge      Conj/Air       36%        N/A       1%          2
h - Swiftness             Air            36%        N/A       2%          3
Your spell library was empty.

Dungeon Overview and Level Annotations

Branches:
Dungeon (5/15)             Temple (1/1) D:4

Altars:
Ashenzari
Cheibriados
Fedhas
Gozag
Hepliaklqana
Makhleb
Okawaru
Qazlal
Ru
Vehumet
Xom
Zin

Shops:
D:5 [


Innate Abilities, Weirdness & Mutations

You are immune to sickness and miasma.
You are immune to poison.
Your flesh is very heat resistant. (rF++)
You are vulnerable to cold. (rC-)
You float through the air rather than walking.
You learn spells naturally, not from books.
Your magical power is your life essence.
You have superior vitality. (+4 HP)


Message History

The blast of energy engulfs the gnoll!!
You kill the gnoll!
Makhleb accepts your kill.
The blast of energy engulfs the scorpion zombie!!
The scorpion zombie is almost destroyed.
The blast of energy engulfs the orc!!
You kill the orc!
Makhleb accepts your kill.
You hear a shout!
A scorpion zombie is nearby!
Casting: Fulminant Prism (quite dangerous; 9% risk of failure)
Confirm with . or Enter, or press ? or * to list all spells.
Aiming: Searing Ray (safe; 1% risk of failure)
Press: ? - help, Shift-Dir - straight line, f - scorpion zombie
Aim: a scorpion zombie (almost destroyed, 93% to hit)
The searing ray hits the scorpion zombie!
You destroy the scorpion zombie!
Makhleb accepts your kill. (Press . to maintain the ray.)
Your Short Blades skill increases to level 2!
You have reached level 8!
You feel agile.
The centaur shoots an arrow.
The arrow hits you.
Found a manual of Fighting.
You see here a manual of Fighting.
Casting: Searing Ray (safe; 1% risk of failure)
Confirm with . or Enter, or press ? or * to list all spells.
Aiming: Searing Ray (safe; 1% risk of failure)
Press: ? - help, Shift-Dir - straight line, f - centaur
Aim: a centaur, wielding a +0 shortbow and quivering arrows (88% to hit)
The searing ray misses the centaur. (Press . to maintain the ray.)
The centaur shoots an arrow.
The arrow hits you!
* * * LOW HITPOINT WARNING * * *
The centaur shoots an arrow.
The arrow hits you.
* * * LOW HITPOINT WARNING * * *
It was a potion of might.
You feel very mighty all of a sudden.
The centaur shoots an arrow.
The arrow hits you!
You die...

........#..# .........
...........## ........#
..............
####...c... # ........##
#.######.......(.. .
........#
#.>..........).... ..
........# ##.....##
.......... ####.#..#
####..###.)##..)....
.....#.##
#....##:##..))......
######.#
####.#@#.#.#.#.#.#..
.#####.# ##.#.#.#.#.# #
.......# #..#.#.#.#.#
##...#.######..##c#c#.#.
#...#..........########
#...####...###......
##.###......#####....
#).##..####...# ####
#.###. ###.#


You could see a centaur.

Vanquished Creatures
  A necrophage (D:4)
  3 ogres
  A scorpion (D:4)
  A jelly (D:4)
  A howler monkey (D:4)
  A bullfrog zombie (D:5)
  A hound (D:4)
  An iguana (D:4)
  A scorpion zombie (D:5)
  Natasha (thrice) (D:2)
  Terence (D:2)
  Ijyb (D:4)
  4 gnolls (D:5)
  An adder (D:3)
  A howler monkey skeleton (D:5)
  A shadow imp (D:4)
  2 worms
  A dart slug (D:1)
  10 orcs
  5 ball pythons
  3 bats (D:2)
  4 endoplasms
  4 giant cockroaches (D:2)
  7 goblins
  9 hobgoblins
  6 jackals (D:2)
  3 quokkas
  2 frilled lizards
  7 kobolds
  5 rats
91 creatures vanquished.

Vanquished Creatures (collateral kills)
  A ball python (D:2)
1 creature vanquished.

Vanquished Creatures (others)
  3 fulminant prisms (D:5)
  A fungus (D:5)
4 creatures vanquished.

Grand Total: 96 creatures vanquished

Notes
Turn   | Place    | Note
-------+----------+-------------------------------------------
     0 | D:1      | jestyr24 the Djinni Conjurer began the quest for the Orb.
     0 | D:1      | Reached XP level 1. HP: 15/15 MP: 0/0
   196 | D:1      | Reached XP level 2. HP: 19/21 MP: 0/0
   255 | D:1      | Reached skill level 4 in Spellcasting
   477 | D:1      | Found a faded altar of an unknown god.
  1001 | D:2      | Noticed Natasha
  1006 | D:2      | Killed Natasha
  1007 | D:2      | Reached XP level 3. HP: 19/25 MP: 0/0
  1007 | D:2      | Learned a level 1 spell: Animate Skeleton
  1232 | D:2      | Noticed Natasha
  1238 | D:2      | Killed Natasha
  1239 | D:2      | Reached XP level 4. HP: 23/31 MP: 0/0
  1434 | D:2      | Noticed Terence
  1484 | D:2      | Killed Terence
  1485 | D:2      | Reached skill level 5 in Spellcasting
  1494 | D:2      | Noticed Natasha
  1505 | D:2      | Killed Natasha
  1506 | D:2      | Reached XP level 5. HP: 23/35 MP: 0/0
  1506 | D:2      | Learned a level 2 spell: Static Discharge
  3630 | D:4      | Noticed a necrophage
  3636 | D:4      | Killed a necrophage
  3637 | D:4      | Reached XP level 6. HP: 33/40 MP: 0/0
  3973 | D:4      | Reached skill level 6 in Spellcasting
  4033 | D:4      | Noticed Ijyb
  4042 | D:4      | Killed Ijyb
  4043 | D:4      | Reached skill level 1 in Short Blades
  4180 | D:4      | Found a staircase to the Ecumenical Temple.
  4191 | Temple   | Entered the Ecumenical Temple
  4358 | Temple   | Became a worshipper of Makhleb the Destroyer
  4450 | D:4      | Identified the +2 mace of the Destroying Seer {freeze,
                  | rElec Will- Dex+2}
  4737 | D:4      | Reached XP level 7. HP: 40/46 MP: 0/0
  4737 | D:4      | Learned a level 3 spell: Swiftness
  5090 | D:5      | Entered Level 5 of the Dungeon
  5310 | D:5      | Found Zisecw's Armour Shoppe.
  5331 | D:5      | Found a sacrificial altar of Ru.
  5490 | D:5      | Reached XP level 8. HP: 20/51 MP: 0/0
  5503 | D:5      | HP: 2/51 [centaur/arrow (1)]
  5505 | D:5      | Shot with an arrow by a centaur

Illustrated notes

Levels and vault maps discovered:
D:1:      dpeg_arrival_rooms_c, layout_basic,
          hellmonk_ecumenical_altar_inner_sanctum
D:2:      layout_loops_ring, kennysheep_another_room, uniq_terence, uniq_natasha
D:3:      layout_loops_corners
D:4:      layout_basic, minmay_temple_entry_stoned_glass, corexii_shack,
          nrook_loot_triangle, minmay_misc_feat_enclosed, uniq_ijyb
D:5:      layout_rooms, nicolae_tso_carved_into_rock,
          nicolae_ru_the_path_less_chosen, serial_shops, shop, shop, shop,
          nicolae_shop_statue_plus, shop, minmay_manual_maat, uniq_blork_the_orc
Temple:   nicolae_temple_figure_eight

Skill      XL: |  1  2  3  4  5  6  7 |
---------------+----------------------+-----
Spellcasting   | 4 5 6 |  6.9
Stealth        | 2 3 |  3.7
Short Blades   | 1 2 |  2.1
Dodging        | 3 |  3.0
Fighting       | |  0.8
Shields        | |  0.2

Action                   |  1- 3 |  4- 6 |  7- 9 || total
-------------------------+-------+-------+-------++-------
Melee: Short sword       |       |     8 |     4 ||    12
 Cast: Magic Dart        |    33 |    77 |    14 ||   124
       Searing Ray       |     3 |    14 |    13 ||    30
       Animate Skeleton  |     1 |     3 |       ||     4
       Iskenderun's Myst |       |       |     3 ||     3
       Fulminant Prism   |       |       |     3 ||     3
  Use: Potion            |       |       |     1 ||     1
Armor: Robe              |     1 |     1 |     1 ||     3
Dodge: Dodged            |     2 |     9 |     4 ||    15

Table legend: (Time is in decaauts)
 A = Elapsed time spent in this place.
 B = Non-inter-level travel time spent in this place.
 C = Inter-level travel time spent in this place.
 D = Time resting spent in this place.
 E = Time spent auto-exploring this place.
 F = Levels seen in this place.
 G = Mean time per level.
                   A        B        C        D        E       F      G
               +--------+--------+--------+--------+--------+-----+--------+
         Total |   5513 |   5375 |    138 |    387 |   4464 |   6 |  918.8 |
       Dungeon |   5317 |   5186 |    131 |    387 |   4286 |   5 | 1063.4 |
        Temple |    195 |    188 |      7 |      0 |    178 |   1 |  195.0 |
               +--------+--------+--------+--------+--------+-----+--------+

Top non-repeatable levels by time:
     D:4: 1506 daAuts
     D:2: 1468 daAuts
     D:3: 1087 daAuts
     D:1: 1001 daAuts
     D:5: 253 daAuts
  Temple: 195 daAuts
